Workbook

Sheet Payslip
A1: =Data!B2
A2: =Data!B3
A3: ="Payslip for "&Data!B4
A5: Employee Name | B5: =Data!B5 | D5: Employee ID | E5: =Data!B6
A6: Designation | B6: =Data!B7 | D6: Department | E6: =Data!B8
A7: Date of Joining | B7: =Data!B9 | D7: PAN | E7: =Data!B10
A8: UAN | B8: =Data!B11 | D8: ESIC No. | E8: =Data!B12
A9: Bank / Account | B9: =Data!B13 | D9: Days in Month | E9: =Data!B14
A10: Paid Days | B10: =Data!B15 | D10: LOP Days | E10: =Data!B16
A11: Leave Taken | B11: =Data!B17
A13: Earnings | B13: Amount (₹) | D13: Deductions | E13: Amount (₹)
A14: Basic | B14: =Data!B18 | D14: Provident Fund | E14: =Data!B25
A15: DA | B15: =Data!B19 | D15: ESI | E15: =Data!B26
A16: HRA | B16: =Data!B20 | D16: Professional Tax | E16: =Data!B27
A17: Conveyance | B17: =Data!B21 | D17: TDS | E17: =Data!B28
A18: Special Allowance | B18: =Data!B22 | D18: LWF | E18: =Data!B29
A19: Overtime | B19: =Data!B23 | D19: Advance / Loan | E19: =Data!B30
A20: Arrears | B20: =Data!B24
A21: Total Earnings | B21: =SUM(B14:B20) | D21: Total Deductions | E21: =SUM(E14:E19)
A23: NET PAY | B23: =B21-E21
A24: Net pay in words:
A26: This is a computer-generated payslip. Authorised signatory: ____________________

Sheet Data
A1: Field | B1: Value
A2: Company Name
A3: Company Address
A4: Month / Year
A5: Employee Name
A6: Employee ID
A7: Designation
A8: Department
A9: Date of Joining
A10: PAN
A11: UAN
A12: ESIC No.
A13: Bank / Account No.
... A30: Advance / Loan
